 Dungeon Crawl Stone Soup version 0.19.0-2-gae57169 (webtiles) character file.

3925 Elitist the Archer (level 10, -1/66 HPs)
             Began as a High Elf Hunter on Nov 4, 2016.
             Was a Believer of Okawaru.
             Shot with an arrow by a centaur (5 damage)
             ... on level 9 of the Dungeon.
             The game lasted 00:52:37 (13463 turns).

Elitist the Archer (High Elf Hunter)               Turns: 13463, Time: 00:52:40

Health: -1/66      AC: 12    Str: 12    XL:     10   Next: 1%
Magic:  13/13      EV:  8    Int: 16    God:    Okawaru [**....]
Gold:   416        SH:  0    Dex: 20    Spells: 0 memorised, 9 levels left

rFire  . . .     SeeInvis .     b - +0 short sword (venom)
rCold  . . .     Gourm    .     x - +4 chain mail of Surprise {+Fly}
rNeg   . . .     Faith    .     (no shield)
rPois  .         Spirit   .     (no helmet)
rElec  .         Reflect  .     (no cloak)
rCorr  .         Harm     .     (no gloves)
MR     ++...                    (no boots)
Stlth  ..........               (no amulet)
                                w - +2 ring of dexterity
                                h - ring of protection from magic

@: drained
A: no striking features
a: Heroism, Renounce Religion, Evoke Flight


You were on level 9 of the Dungeon.
You worshipped Okawaru.
Okawaru was pleased with you.
You were hungry.

You visited 2 branches of the dungeon, and saw 10 of its levels.

You collected 455 gold pieces.
You spent 39 gold pieces at shops.

Inventory:

Hand Weapons
 a - a +2 shortbow
 b - a +0 short sword of venom (weapon)
 n - a +0 long sword
 q - a +0 short sword
 u - a +1 trident of protection
 I - a +1 dagger of pain
Missiles
 d - 51 arrows
 e - 10 tomahawks (quivered)
Armour
 c - a +0 leather armour
 r - a +1 scale mail
 x - the +4 chain mail of Surprise (worn) {+Fly}
   (You found it on level 7 of the Dungeon)

   It lets you fly.
Jewellery
 h - a ring of protection from magic (left hand)
 w - a +2 ring of dexterity (right hand)
 y - an uncursed ring of wizardry
Wands
 l - a wand of lightning (8/15)
 H - a wand of confusion (27/48)
 K - a wand of flame (27/48)
Scrolls
 g - a scroll of random uselessness
 i - 3 scrolls of fog
 j - 3 scrolls of identify
 t - 3 scrolls of remove curse
 v - a scroll of amnesia
 C - 4 scrolls of enchant armour
 E - a scroll of magic mapping {unknown}
Potions
 o - 4 potions of flight {unknown}
 p - a potion of curing
 s - 2 potions of haste {unknown}
 z - a potion of might
 A - 3 potions of mutation {unknown}
 B - 5 potions of lignification {unknown}
 J - a potion of cancellation {unknown}
 L - a potion of brilliance
Books
 D - a book of Flames

   Spells                             Type                      Level
   a - Flame Tongue                   Conjuration/Fire             1
   b - Throw Flame                    Conjuration/Fire             2
   c - Conjure Flame                  Conjuration/Fire             3
   d - Inner Flame                    Hexes/Fire                   3
   e - Sticky Flame                   Conjuration/Fire             4
   f - Fireball                       Conjuration/Fire             5
Comestibles
 f - 5 bread rations
 k - 5 meat rations
 m - 4 fruits


   Skills:
 - Level 5.1(4.4) Fighting
 - Level 6.0(5.3) Short Blades
 + Level 13.7(12.8) Bows
 + Level 2.0(1.4) Armour
 - Level 6.8(6.0) Dodging
 - Level 1.1(0.5) Stealth
 + Level 3.5(2.8) Invocations


You had 9 spell levels left.
You didn't know any spells.

Dungeon Overview and Level Annotations

Branches:
Dungeon (9/15)             Temple (1/1) D:5
   Lair: D:8-11         Orc: D:9-12

Altars:
Ashenzari
Cheibriados
Dithmenos
Elyvilon
Fedhas
Gozag
Hepliaklqana
Kikubaaqudgha
Makhleb
Okawaru
Qazlal
Ru
Sif Muna
Uskayaw
Vehumet
Yredelemnul
Zin
The Shining One

Shops:
D:4 *


Message History

The centaur wields a shortbow.
The centaur shoots an arrow.
The arrow hits you.
There is an open door here.
The centaur shoots an arrow.
The arrow hits you but does no damage.
Things that are here:
an arrow; a book of Flames
D - a book of Flames The ice beast hits you but does no damage.
The orc warrior hits you with a flail! The ice beast barely misses you.
The centaur shoots an arrow.
The arrow hits you.
The ice beast hits you but does no damage.
There is a stone staircase leading up, spattered with blood here.
You see here an arrow.
The centaur shoots an arrow.
The orc warrior hits you with a flail!!
* * * LOW HITPOINT WARNING * * *
Something hits you.
* * * LOW HITPOINT WARNING * * *
The ice beast hits you but does no damage.
The centaur shoots an arrow.
The arrow hits you.
You die...

#.## #####....Y....## #.#
########...) #.#
########Y #.# .........
####'####### ........{
#..........# .........
#.....c....###...........
#......(...'.'...........
+.....(Y@..### .........
#......o...# ........o
#..........# .........
########'### ........ #.#
##+##### #.# #.# #.#


You could see an orc warrior, an ice beast and a centaur.

Vanquished Creatures
  Pikel (D:6)
  Duvessa (D:6)
  2 ice beasts
  A black bear (D:7)
  2 sky beasts (D:6)
  An eye of draining (D:7)
  3 phantoms
  A necrophage (D:6)
  5 ogres
  2 centaurs (D:7)
  A crocodile (D:8)
  Dowan (D:6)
  2 scorpions (D:6)
  2 electric eels (D:7)
  A howler monkey (D:4)
  5 crimson imps
  2 orc priests (D:4)
  3 hounds
  2 bullfrog skeletons
  6 orc wizards
  3 jellies
  Ijyb (D:2)
  An iguana (D:9)
  Terence (D:2)
  Natasha (twice) (D:2)
  3 hell rats
  6 worker ants
  A hound zombie (D:7)
  A hound skeleton (D:6)
  A worker ant zombie (D:8)
  Robin (D:3)
  13 adders
  15 gnolls
  A shadow imp (D:8)
  An ooze (D:3)
  2 adder zombies
  2 worms (D:2)
  11 dart slugs
  5 leopard geckos
  26 orcs
  A ball python (D:5)
  9 giant cockroaches
  25 goblins
  9 hobgoblins
  8 jackals
  3 quokkas
  8 bats
  4 frilled lizards
  A giant cockroach zombie (D:6)
  A jackal skeleton (D:8)
  A jackal zombie (D:8)
  8 kobolds
  11 rats
230 creatures vanquished.

Vanquished Creatures (others)
  2 slaves (D:6)
  An ogre (D:6)
  An orc wizard (D:6)
  A leopard gecko (D:6)
5 creatures vanquished.

Grand Total: 235 creatures vanquished

Notes
Turn   | Place    | Note
-------+----------+-------------------------------------------
     0 | D:1      | Elitist the High Elf Hunter began the quest for the Orb.
     0 | D:1      | Reached XP level 1. HP: 14/14 MP: 2/2
   314 | D:1      | Reached XP level 2. HP: 19/19 MP: 3/3
   850 | D:1      | Reached skill level 6 in Bows
   923 | D:1      | Reached XP level 3. HP: 5/25 MP: 4/4
  1213 | D:2      | Found a basalt altar of Yredelemnul.
  1762 | D:2      | Noticed Terence
  1983 | D:2      | Reached XP level 4. HP: 31/31 MP: 5/5
  1988 | D:2      | Noticed Ijyb
  2239 | D:2      | Killed Ijyb
  2239 | D:2      | Reached skill level 7 in Bows
  2713 | D:2      | Noticed Natasha
  2719 | D:2      | Killed Natasha
  2719 | D:2      | Reached XP level 5. HP: 29/36 MP: 6/6
  3075 | D:2      | Noticed Natasha
  3122 | D:2      | Killed Natasha
  3122 | D:2      | Reached skill level 8 in Bows
  3170 | D:2      | Killed Terence
  3312 | D:2      | Found a radiant altar of Vehumet.
  3337 | D:2      | Found a hide-covered altar of Uskayaw.
  3338 | D:2      | Found a hazy altar of Hepliaklqana.
  3842 | D:3      | Reached XP level 6. HP: 43/43 MP: 7/7
  3962 | D:3      | Noticed Robin
  4049 | D:3      | Killed Robin
  4127 | D:3      | Reached skill level 1 in Short Blades
  4451 | D:3      | Found a stormy altar of Qazlal.
  4879 | D:4      | Reached skill level 9 in Bows
  5559 | D:4      | Found Moiziplu's Assorted Antiques.
  5563 | D:4      | Bought a fuming green potion for 18 gold pieces
  5563 | D:4      | Bought a scroll labeled ZOICLIFE XYVIJ for 21 gold pieces
  5622 | D:4      | Reached XP level 7. HP: 47/48 MP: 8/8
  5963 | D:4      | Reached skill level 10 in Bows
  6051 | D:5      | Entered Level 5 of the Dungeon
  6283 | D:5      | Found a staircase to the Ecumenical Temple.
  6292 | Temple   | Entered the Ecumenical Temple
  6504 | Temple   | Became a worshipper of Warmaster Okawaru
  7226 | D:6      | Noticed Dowan
  7229 | D:6      | Noticed Duvessa
  7437 | D:5      | Reached XP level 8. HP: 22/54 MP: 9/9
  7705 | D:6      | Killed Duvessa
  7712 | D:6      | Killed Dowan
  7712 | D:6      | Reached skill level 11 in Bows
  8065 | D:6      | Reached skill level 5 in Dodging
  8188 | D:6      | Noticed Pikel
  8252 | D:6      | Killed Pikel
  8252 | D:6      | Reached * piety under Okawaru
  8252 | D:6      | Reached skill level 5 in Short Blades
  8252 | D:6      | Reached skill level 12 in Bows
  8541 | D:6      | Reached XP level 9. HP: 22/58 MP: 10/10
  8814 | D:6      | Found a burning altar of Makhleb.
  9444 | D:6      | Found a glowing golden altar of the Shining One.
  9482 | D:6      | Got a crude ring mail
  9483 | D:6      | Identified the +5 ring mail "Zuomiq" {+Inv rF- Dex-5 SInv} (You found it on level 6 of the Dungeon)
 10388 | D:7      | Found a sacrificial altar of Ru.
 10608 | D:7      | Reached ** piety under Okawaru
 10799 | D:7      | Reached skill level 1 in Invocations
 11058 | D:7      | Reached skill level 13 in Bows
 11909 | D:7      | Got a steaming chain mail
 11920 | D:7      | Identified the +4 chain mail of Surprise {+Fly} (You found it on level 7 of the Dungeon)
 12306 | D:7      | Reached skill level 1 in Armour
 12338 | D:7      | Reached skill level 5 in Fighting
 12408 | D:8      | Noticed a komodo dragon
 12596 | D:8      | Found an iron altar of Okawaru.
 12853 | D:8      | Noticed a komodo dragon
 13445 | D:9      | Reached XP level 10. HP: 45/66 MP: 13/13
 13463 | D:9      | Shot with an arrow by a centaur

Skill      XL: |  1  2  3  4  5  6  7  8  9 |
---------------+----------------------------+-----
Bows           | 6 7 8 9 10 12 13 | 13.7
Fighting       | 3 4 5 |  5.1
Short Blades   | 2 3 5 6 |  6.0
Dodging        | 3 4 5 6 |  6.8
Invocations    | 3 |  3.5
Armour         | 2 |  2.0
Stealth        | |  1.1

Action                   |  1- 3 |  4- 6 |  7- 9 | 10-12 || total
-------------------------+-------+-------+-------+-------++-------
Melee: Short sword       |    66 |   180 |   494 |       ||   740
       Trident           |       |    47 |    50 |       ||    97
 Fire: Shortbow          |    99 |   138 |   172 |       ||   409
Throw: Tomahawk          |       |       |     3 |       ||     3
Invok: Heroism           |       |       |     3 |       ||     3
Evoke: Wand              |       |       |     2 |       ||     2
  Use: Potion            |     3 |     3 |     2 |       ||     8
       Scroll            |       |     2 |    16 |       ||    18
 Stab: Invisible         |       |     2 |       |       ||     2
  Eat: Chunk             |     3 |    12 |    16 |       ||    31
       Pizza             |       |       |     1 |       ||     1
       Beef jerky        |       |       |     1 |       ||     1
       Meat ration       |       |       |     1 |       ||     1
Armor: Leather armour    |    33 |    33 |       |       ||    66
       Scale mail        |       |    72 |   140 |       ||   212
       Chain mail        |       |       |   109 |     4 ||   113
Dodge: Dodged            |    77 |   151 |   242 |     1 ||   471
